 Dungeon Crawl Stone Soup version 0.28.0-1-gb440e238dd (webtiles) character file.

Game seed: 15856017455531884630

30 Sanktem7 the Skirmisher (level 3, -1/33 HPs)
             Began as a Minotaur Fighter on Feb 25, 2022.
             Succumbed to Sigmund's poison
             ... on level 2 of the Dungeon.
             The game lasted 00:01:40 (1181 turns).

Sanktem7 the Skirmisher (Minotaur Fighter)          Turns: 1181, Time: 00:01:40

Health: -1/33      AC: 11    Str: 22    XL:     3   Next: 3%
Magic:  2/2        EV:  6    Int:  5    God:
Gold:   81         SH:  0    Dex:  9    Spells: 2/2 levels left

rFire   . . .      SeeInvis .   a - +0 war axe {axe}
rCold   . . .      Faith    .   c - +0 buckler
rNeg    . . .      Spirit   .   g - +0 plate armour
rPois   .          Reflect  .   (helmet restricted)
rElec   .          Harm     .   (no cloak)
rCorr   .          Rampage  .   (no gloves)
Will    .....                   (no boots)
Stlth   ..........              (no amulet)
HPRegen 0.11/turn               (no ring)
MPRegen 0.08/turn               (no ring)

@: confused, lethally poisoned (-1 -> -17)
A: horns 2, retaliatory headbutt
a: no special abilities


You were on level 2 of the Dungeon.
You visited 1 branch of the dungeon, and saw 2 of its levels.

You collected 81 gold pieces.


Innate Abilities, Weirdness & Mutations

You have a pair of horns on your head.
You reflexively headbutt those who attack you in melee.


   Skills:
 * Level 4.2 Fighting
 * Level 3.2 Axes
 + Level 4.0 Armour
 - Level 3.6 Shields


You had 2 spell levels left.
You didn't know any spells.
Your spell library contained the following spells:

 Spells                   Type           Power      Damage    Failure   Level
 Confusing Touch          Hex            0%         N/A       100%        3
 Yara's Violent Unravell  Hex/Tmut       0%         3d3       100%        5
 Enfeeble                 Hex            0%         N/A       100%        7

Inventory:

Hand Weapons
 a - a +0 war axe (weapon) {axe}
Missiles
 f - 40 stones (quivered) {throwing}
 j - 16 sling bullets
 k - 18 arrows
Armour
 c - a +0 buckler (worn)
 g - a +0 plate armour (worn)
   (You found it on level 1 of the Dungeon)
Jewellery
 h - a ring of ice
   (You found it on level 1 of the Dungeon)
Scrolls
 i - a scroll of teleportation {unknown}
 l - a scroll of noise {unknown}
 m - a scroll of immolation {unknown}
Potions
 b - a potion of heal wounds {unknown}
 d - a potion of might
 e - 2 potions of resistance {unknown}

Dungeon Overview and Level Annotations

Branches:
Dungeon (2/15)

Altars:

Annotations:
D:2 Sigmund

..........#
..........#
..........#......#
..........#......# .
..........#......# .
.....S. #......# . .
#.r@# #......# .#.
#..@# #......# ...
#...###......# #..
#............#####..
#........#####......
#........# #.##...
###......#####.##...
#............####.
#......#######....
######.# #....


You could see Sigmund, a ball python and a rat.


Message History

You now have 59 gold pieces (gained 17).
You open the door.
There is an open door here.
There is a large open door here.
You see here a +0 ring mail.
Done exploring.
You see here a +0 club {mace}.
There is a stone staircase leading down here.
You climb downwards.
There is a stone staircase leading up here.
No target in view!
Found a stone staircase leading down.
You now have 67 gold pieces (gained 8).
A goblin comes into view. It is wielding a +0 club.
The goblin shouts!
You see here a scroll labelled IPOWYKHLILEE.
You barely miss the goblin.
The goblin hits you with a +0 club. 😕 HP[-4]
You take 4 damage, and now have 23/27 hp.
You hit the goblin.
You kill the goblin!
You have reached level 3!
Your experience leads to an increase in your attributes!
Increase (S)trength, (I)ntelligence, or (D)exterity?
You feel stronger. x2 😕 HP[+5] MP[+1]
You now have 33 max hp (+6).
You regained 5 hp, and now have 28/33 hp.
Your mp is fully restored (2).
i - a scroll labelled IPOWYKHLILEE 😎 HP[+5]
Your hp is fully restored (33).
Things that are here:
a +0 club {mace}; a goblin corpse
j - 16 sling bullets You pick up a book of Misfortune and begin reading...
You add the spells Confusing Touch, Yara's Violent Unravelling and Enfeeble to your library.
k - 18 arrows A bat comes into view.
The bat barely misses you.
You barely miss the bat. The bat hits you. 😕 HP[-1]
You take 1 damage, and now have 32/33 hp.
The bat hits you but does no damage. x2
You closely miss the bat. Your headbutt misses the bat.
The bat hits you but does no damage. The bat hits you. 😕 HP[-1]
You take 1 damage, and now have 31/33 hp.
You hit the bat. The bat barely misses you. You furiously retaliate!
You headbutt the bat!
You kill the bat!
No target in view!
No target in view!
Found a stone staircase leading up. 😎 HP[+2]
Your hp is fully restored (33).
There is a stone staircase leading up here.
Found a stone staircase leading down.
No target in view!
No target in view!
No target in view!
No target in view!
No target in view!
You now have 81 gold pieces (gained 14).
l - a scroll labelled FOOTHIHAMYN
m - a scroll labelled KUSOGE WETILA Sigmund the Dreaded comes into view.
He is wielding a +3 scythe of venom.
Sigmund shouts!
A rat comes into view.
Sigmund moves out of view.
Sigmund hits you with a +3 scythe of venom.
You are poisoned.
A ball python comes into view. 😕 HP[-6]
You take 6 damage, and now have 27/33 hp.
You barely miss Sigmund. Your headbutt misses Sigmund.
You feel very sick.
Sigmund hits you with a +3 scythe of venom!
* * * LOW HITPOINT WARNING * * *
😨 HP[-14]
You take 14 damage, and now have 13/33 hp.
MASSIVE DAMAGE!! (PAUSE)
You hit Sigmund but do no damage. You closely miss the rat.
* * * LOW HITPOINT WARNING * * *
You feel very sick. Sigmund casts a spell at you.
You are confused.
The rat bites you but does no damage. 😨 HP[-3]
You take 3 damage, and now have 10/33 hp.
You miss Sigmund. You headbutt Sigmund. You barely miss the rat.
You feel sick.
Sigmund hits you with a +3 scythe of venom.
* * * LOW HITPOINT WARNING * * *
You are more poisoned.
The rat bites you but does no damage. 😱 HP[-7]
You take 7 damage, and now have 3/33 hp.
MASSIVE DAMAGE!! (PAUSE)
You completely miss Sigmund. You completely miss the rat.
You die...

Skill      XL: |  1  2 |
---------------+-------+-----
Fighting       | 4 |  4.2
Axes           | 3 |  3.2
Armour         | 4 |  4.0
Shields        | |  3.6

Action                   || total
-------------------------++-------
Melee: War axe           ||    54
       Headbutt          ||     4
Armor: Plate armour      ||    38
Dodge: Dodged            ||     6
Block: Buckler           ||     5

Levels and vault maps discovered:
D:1:      dpeg_arrival_three_same_balls, layout_loops_ring,
          shapermc_ecumenical_altar_mp_vishouse, grunt_decor_arrowhead
D:2:      layout_basic, uniq_sigmund, uniq_jessica

Notes
Turn   | Place    | Note
-------+----------+-------------------------------------------
     0 | D:1      | Sanktem7 the Minotaur Fighter began the quest for the Orb.
     0 | D:1      | Reached XP level 1. HP: 19/19 MP: 0/0
     0 | D:1      | magus.rc [v1.9.6]
   229 | D:1      | Reached XP level 2. HP: 25/27 MP: 1/1
   312 | D:1      | Reached skill level 4 in Fighting
   385 | D:1      | Reached skill level 3 in Axes
   551 | D:1      | Found a faded altar of an unknown god.
   734 | D:1      | Reached skill level 4 in Armour
   982 | D:2      | Reached XP level 3. HP: 28/33 MP: 2/2
  1033 | D:2      | You pick up a book of Misfortune and begin reading...
  1033 | D:2      | You add the spells Confusing Touch, Yara's Violent
                  | Unravelling and Enfeeble to your library.
  1175 | D:2      | Noticed Sigmund
  1180 | D:2      | HP: 8/33 [poisoned by Sigmund]
  1180 | D:2      | HP: 3/33 [Sigmund (5)]
  1181 | D:2      | Succumbed to Sigmund's poison

Vanquished Creatures
  A ball python (D:1)
  3 bats
  5 endoplasms (D:1)
  4 goblins
  5 hobgoblins (D:1)
  A kobold (D:1)
  2 quokkas (D:1)
  2 frilled lizards (D:1)
  2 rats (D:1)
25 creatures vanquished.

Table legend:
 A = Non-vault XP
 B = Vault XP
 C = Vault XP percentage of total XP
 D = Non-vault monster count
 E = Vault monster count
 F = Vault count percentage of total count
                 A         B        C        D         E       F
            +---------+---------+-------+---------+---------+-------
      Total |      43 |       0 |   0.0 |      25 |       0 |   0.0
            +---------+---------+-------+---------+---------+-------
        D:1 |      40 |       0 |   0.0 |      23 |       0 |   0.0
        D:2 |       3 |       0 |   0.0 |       2 |       0 |   0.0
            +---------+---------+-------+---------+---------+-------

Illustrated notes

Table legend:
 A = Kills in this place as a percentage of kills in entire the game.
 B = Kills by you in this place as a percentage of kills by you in the entire game.
 C = Kills by friends in this place as a percentage of kills by friends in the entire game.
 D = Other kills in this place as a percentage of other kills in the entire game.
 E = Experience gained in this place as a percentage of experience gained in the entire game.
 F = Experience gained in this place divided by the number of levels of this place that you have seen.
                   A       B       C       D       E      F
               +-------+-------+-------+-------+-------+----------------------
         Total | 100.0 | 100.0 |   N/A |   N/A | 100.0 |  21.5
       Dungeon | 100.0 | 100.0 |   N/A |   N/A | 100.0 |  21.5
               +-------+-------+-------+-------+-------+----------------------

Table legend: (Time is in decaauts)
 A = Elapsed time spent in this place.
 B = Non-inter-level travel time spent in this place.
 C = Inter-level travel time spent in this place.
 D = Time resting spent in this place.
 E = Time spent auto-exploring this place.
 F = Levels seen in this place.
 G = Mean time per level.
                   A        B        C        D        E       F      G
               +--------+--------+--------+--------+--------+-----+--------+
         Total |   1199 |   1153 |     46 |      0 |    982 |   2 |  599.5 |
       Dungeon |   1199 |   1153 |     46 |      0 |    982 |   2 |  599.5 |
               +--------+--------+--------+--------+--------+-----+--------+

Top non-repeatable levels by time:
     D:1: 924 daAuts
     D:2: 275 daAuts
